PR
HICKSVILLE HOUNDS @ CROWLEY CAJUNS
07/17/2042
 
TOP OF THE 1ST
Hicksville Hounds batting - Pitching for Crowley Cajuns : RHP Kane Hallworth
Pitching: RHP Kane Hallworth
Batting: RHB Arturo Iglésias 0-0: Ball
1-0: Ball
2-0: Ball
3-0: Called Strike
3-1: Fly out, F9 (Flyball, 9, EV 93.1 MPH)
Batting: RHB Jesús Renderos 0-0: Called Strike
0-1: Fly out, F8 (Flyball, 8LM, EV 81.2 MPH)
Batting: LHB Timothy Hayes 0-0: Ball
1-0: Ball
2-0: Called Strike
2-1: Ball
3-1: SINGLE (Groundball, 4MD, EV 109.4 MPH)
Batting: RHB Ramiro Rivera 0-0: Ball
1-0: Called Strike
1-1: Swinging Strike
1-2: Foul Ball, location: 2F
1-2: Fielders Choice at 2nd, 5-4 (Groundball, 56, EV 103.1 MPH)
Top of the 1st over - 0 runs, 1 hit, 0 errors, 1 left on base; Hicksville 0 - Crowley 0
BOTTOM OF THE 1ST
Crowley Cajuns batting - Pitching for Hicksville Hounds : RHP Chris Johnson
Pitching: RHP Chris Johnson
Batting: LHB Sergio Valentín 0-0: Ball
1-0: Foul Ball, location: 2F
1-1: DOUBLE (Line Drive, 9LM, EV 95.6 MPH)
Batting: RHB Noel Bourke 0-0: Ball
1-0: Ball
2-0: Foul Ball, location: 2F
2-1: Called Strike
2-2: Fly out, F5 (Popup, 56S, EV 86.9 MPH)
Batting: RHB Maurice Wrightson 0-0: Called Strike
0-1: Fly out, F8 (Flyball, 8LS, EV 90.0 MPH)
Batting: RHB Shuan-yan Bu 0-0: Ball
1-0: Ball
2-0: Foul Ball, location: 2F
2-1: Swinging Strike
2-2: Fly out, F8 (Flyball, 89M, EV 88.8 MPH)
Bottom of the 1st over - 0 runs, 1 hit, 0 errors, 1 left on base; Hicksville 0 - Crowley 0
TOP OF THE 2ND
Hicksville Hounds batting - Pitching for Crowley Cajuns : RHP Kane Hallworth
Batting: RHB Joe Barrientez 0-0: Ball
1-0: Ball
2-0: Called Strike
2-1: Fly out, F9 (Flyball, 89D, EV 94.4 MPH)
Batting: RHB Trent Davis 0-0: Ball
1-0: Ground out 5-3 (Groundball, 5, EV 102.5 MPH)
Batting: RHB Martín González 0-0: Called Strike
0-1: Ground out 4-3 (Groundball, 4, EV 106.2 MPH)
Top of the 2nd over - 0 runs, 0 hits, 0 errors, 0 left on base; Hicksville 0 - Crowley 0
BOTTOM OF THE 2ND
Crowley Cajuns batting - Pitching for Hicksville Hounds : RHP Chris Johnson
Batting: RHB Allan Selkirk 0-0: Fly out, F9 (Flyball, 9, EV 89.4 MPH)
Batting: RHB Pedro Ramos 0-0: Ball
1-0: Ground out 6-3 (Groundball, 6, EV 87.5 MPH)
Batting: RHB Ricardo De Jesús 0-0: Ball
1-0: Ball
2-0: Called Strike
2-1: Swinging Strike
2-2: Foul Ball, location: 2F
2-2: Ball
3-2: Ground out 6-3 (Groundball, 6, EV 104.4 MPH)
Bottom of the 2nd over - 0 runs, 0 hits, 0 errors, 0 left on base; Hicksville 0 - Crowley 0
TOP OF THE 3RD
Hicksville Hounds batting - Pitching for Crowley Cajuns : RHP Kane Hallworth
Batting: RHB Larry Thompson 0-0: Bunt missed!
0-1: Ball
1-1: Ball
2-1: Swinging Strike
2-2: Strikes out looking
Batting: RHB Will Barr 0-0: Swinging Strike
0-1: Foul Ball, location: 2F
0-2: Strikes out looking
Batting: RHB Arturo Iglésias 0-0: Fly out, F3 (Popup, 3F, EV 80.0 MPH)
Top of the 3rd over - 0 runs, 0 hits, 0 errors, 0 left on base; Hicksville 0 - Crowley 0
BOTTOM OF THE 3RD
Crowley Cajuns batting - Pitching for Hicksville Hounds : RHP Chris Johnson
Batting: RHB Li-ren Ren 0-0: Called Strike
0-1: Ball
1-1: Bunt for hit to 13S - play at first, batter OUT! 1-3
Batting: RHB Bill Palmer 0-0: Called Strike
0-1: Foul Ball, location: 2F
0-2: Ball
1-2: Ball
2-2: Ball
3-2: Foul Ball, location: 2F
3-2: Foul Ball, location: 2F
3-2: Fly out, F7 (Flyball, 7, EV 94.4 MPH)
Batting: LHB Sergio Valentín 0-0: Called Strike
0-1: SINGLE (Line Drive, 4D, EV 94.4 MPH)
Batting: RHB Noel Bourke 0-0: Called Strike
0-1: Ball
1-1: Ball
2-1: Ball
3-1: Base on Balls
Sergio Valentín to second
Batting: RHB Maurice Wrightson 0-0: Ball
1-0: Called Strike
1-1: Ball
2-1: Foul Ball, location: 2F
2-2: Foul Ball, location: 2F
2-2: Fly out, F7 (Flyball, 7, EV 97.5 MPH)
Bottom of the 3rd over - 0 runs, 1 hit, 0 errors, 2 left on base; Hicksville 0 - Crowley 0
TOP OF THE 4TH
Hicksville Hounds batting - Pitching for Crowley Cajuns : RHP Kane Hallworth
Batting: RHB Jesús Renderos 0-0: Foul Ball, location: 2F
0-1: Foul Ball, location: 2F
0-2: Strikes out swinging
Batting: LHB Timothy Hayes 0-0: Ball
1-0: Foul Ball, location: 2F
1-1: Ball
2-1: Swinging Strike
2-2: SINGLE (Flyball, 78S, EV 90.0 MPH)
Batting: RHB Ramiro Rivera 0-0: Ball
1-0: Swinging Strike
1-1: Ball
2-1: Ball
3-1: Called Strike
3-2: Grounds into double play, 4-6-3 (Groundball, 34, EV 100.6 MPH)
Top of the 4th over - 0 runs, 1 hit, 0 errors, 0 left on base; Hicksville 0 - Crowley 0
BOTTOM OF THE 4TH
Crowley Cajuns batting - Pitching for Hicksville Hounds : RHP Chris Johnson
Batting: RHB Shuan-yan Bu 0-0: Ball
1-0: Swinging Strike
1-1: Ground out 5-3 (Groundball, 56, EV 90.6 MPH)
Batting: RHB Allan Selkirk 0-0: Called Strike
0-1: Foul Ball, location: 2F
0-2: Strikes out swinging
Batting: RHB Pedro Ramos 0-0: Swinging Strike
0-1: SINGLE (Line Drive, 56D, EV 94.4 MPH)
Batting: RHB Ricardo De Jesús 0-0: Ball
1-0: Ball
2-0: Called Strike
2-1: Called Strike
2-2: Strikes out swinging
Bottom of the 4th over - 0 runs, 1 hit, 0 errors, 1 left on base; Hicksville 0 - Crowley 0
TOP OF THE 5TH
Hicksville Hounds batting - Pitching for Crowley Cajuns : RHP Kane Hallworth
Batting: RHB Joe Barrientez 0-0: Ball
1-0: Swinging Strike
1-1: Called Strike
1-2: Ball
2-2: Strikes out swinging
Batting: RHB Trent Davis 0-0: Called Strike
0-1: Ground out 5-3 (Groundball, 56, EV 83.1 MPH)
Batting: RHB Martín González 0-0: Ground out 5-3 (Groundball, 56S, EV 73.1 MPH)
Top of the 5th over - 0 runs, 0 hits, 0 errors, 0 left on base; Hicksville 0 - Crowley 0
BOTTOM OF THE 5TH
Crowley Cajuns batting - Pitching for Hicksville Hounds : RHP Chris Johnson
Batting: RHB Li-ren Ren 0-0: Bunt for hit to 13 - play at first, batter OUT! 1-3
Batting: RHB Bill Palmer 0-0: Called Strike
0-1: Swinging Strike
0-2: Foul Ball, location: 2F
0-2: Foul Ball, location: 2F
0-2: Fly out, F8 (Flyball, 8RM, EV 91.2 MPH)
Batting: LHB Sergio Valentín 0-0: Called Strike
0-1: Ball
1-1: Ball
2-1: Foul Ball, location: 2F
2-2: Strikes out swinging
Bottom of the 5th over - 0 runs, 0 hits, 0 errors, 0 left on base; Hicksville 0 - Crowley 0
TOP OF THE 6TH
Hicksville Hounds batting - Pitching for Crowley Cajuns : RHP Kane Hallworth
Batting: RHB Larry Thompson 0-0: Ball
1-0: Called Strike
1-1: Ground out 6-3 (Groundball, 6, EV 98.1 MPH)
Batting: RHB Will Barr 0-0: Called Strike
0-1: Foul Ball, location: 2F
0-2: Ball
1-2: Foul Ball, location: 2F
1-2: Foul Ball, location: 2F
1-2: Strikes out looking
Batting: RHB Arturo Iglésias 0-0: Foul Ball, location: 2F
0-1: Ball
1-1: Swinging Strike
1-2: Strikes out swinging
Top of the 6th over - 0 runs, 0 hits, 0 errors, 0 left on base; Hicksville 0 - Crowley 0
BOTTOM OF THE 6TH
Crowley Cajuns batting - Pitching for Hicksville Hounds : RHP Chris Johnson
Batting: RHB Noel Bourke 0-0: Called Strike
0-1: Ball
1-1: Ball
2-1: Ball
3-1: SINGLE (Groundball, 56, EV 115.6 MPH) (infield hit)
Batting: RHB Maurice Wrightson 0-0: Ball
1-0: Ball
2-0: Ball
3-0: Called Strike
3-1: SINGLE (Line Drive, 78S, EV 106.2 MPH)
Noel Bourke to second
Batting: RHB Shuan-yan Bu 0-0: Fly out, F8 (Flyball, 8RM, EV 89.4 MPH)
Batting: RHB Allan Selkirk 0-0: Swinging Strike
0-1: Foul Ball, location: 2F
0-2: Fly out, F7 (Flyball, 7, EV 81.2 MPH)
Batting: RHB Pedro Ramos 0-0: Swinging Strike
0-1: Ball
1-1: Ball
2-1: SINGLE (Groundball, 56, EV 75.6 MPH) (infield hit)
Noel Bourke to third
Maurice Wrightson to second
Batting: RHB Ricardo De Jesús 0-0: Ball
1-0: Foul Ball, location: 2F
1-1: Fielders Choice at 2nd, 5-4 (Groundball, 56, EV 81.2 MPH)
Bottom of the 6th over - 0 runs, 3 hits, 0 errors, 3 left on base; Hicksville 0 - Crowley 0
TOP OF THE 7TH
Hicksville Hounds batting - Pitching for Crowley Cajuns : RHP Kane Hallworth
Batting: RHB Jesús Renderos 0-0: Ball
1-0: Called Strike
1-1: Called Strike
1-2: Strikes out swinging
Batting: LHB Timothy Hayes 0-0: Ball
1-0: Called Strike
1-1: Ball
2-1: Called Strike
2-2: SINGLE (Line Drive, 7S, EV 104.4 MPH)
Batting: RHB Ramiro Rivera 0-0: Foul Ball, location: 2F
0-1: Foul Ball, location: 2F
0-2: Ball
1-2: Strikes out looking
Batting: RHB Joe Barrientez 0-0: Foul Ball, location: 2F
0-1: Ball
1-1: Foul Ball, location: 2F
1-2: Ball
2-2: Fly out, F7 (Line Drive, 7, EV 91.2 MPH)
Top of the 7th over - 0 runs, 1 hit, 0 errors, 1 left on base; Hicksville 0 - Crowley 0
BOTTOM OF THE 7TH
Crowley Cajuns batting - Pitching for Hicksville Hounds : RHP Chris Johnson
Batting: RHB Li-ren Ren 0-0: SINGLE (Flyball, 6D, EV 91.2 MPH)
Batting: RHB Bill Palmer 0-0: Bunted foul
0-1: Bunted foul
0-2: Ball
1-2: Ball
2-2: Ball
3-2: Foul Ball, location: 2F
3-2: Foul Ball, location: 2F
3-2: Base on Balls
Li-ren Ren to second
Pitching: LHP Vic Trewick
Batting: LHB Sergio Valentín 0-0: Called Strike
0-1: Foul Ball, location: 2F
0-2: Strikes out swinging
Batting: RHB Noel Bourke 0-0: Ball
1-0: Fly out, F8 (Line Drive, 8LM, EV 97.5 MPH)
Batting: RHB Maurice Wrightson 0-0: Hit by Pitch
Li-ren Ren to third
Bill Palmer to second
Batting: RHB Shuan-yan Bu 0-0: Ball
1-0: Swinging Strike
1-1: Ball
2-1: Ball
3-1: Called Strike
3-2: Base on Balls
Li-ren Ren scores
Bill Palmer to third
Maurice Wrightson to second
Batting: RHB Allan Selkirk 0-0: Ball
1-0: Foul Ball, location: 2F
1-1: SINGLE (Groundball, 56D, EV 98.8 MPH)
Bill Palmer scores
Maurice Wrightson to third
Shuan-yan Bu to second
Runner from 3rd tries for Home, SAFE, throw by LF to home
Batting: RHB Pedro Ramos 0-0: Ball
1-0: Called Strike
1-1: Ball
2-1: Ball
3-1: Base on Balls
Shuan-yan Bu to third
Allan Selkirk to second
Batting: RHB Ricardo De Jesús 0-0: Ball
1-0: Ball
Passed Ball!
Shuan-yan Bu scores
Allan Selkirk to third
Pedro Ramos to second
2-0: Ball
3-0: Base on Balls
Batting: RHB Li-ren Ren 0-0: Fielders Choice at 2nd, 5-4 (Groundball, 56, EV 105.0 MPH)
Bottom of the 7th over - 4 runs, 2 hits, 0 errors, 3 left on base; Hicksville 0 - Crowley 4
TOP OF THE 8TH
Hicksville Hounds batting - Pitching for Crowley Cajuns : RHP Kane Hallworth
Batting: RHB Trent Davis 0-0: Ground out 6-3 (Groundball, 6, EV 82.5 MPH)
Batting: RHB Martín González 0-0: Fly out, F5 (Popup, 6S, EV 65.6 MPH)
Batting: RHB Larry Thompson 0-0: Called Strike
0-1: Ground out 6-3 (Groundball, 6, EV 102.5 MPH)
Top of the 8th over - 0 runs, 0 hits, 0 errors, 0 left on base; Hicksville 0 - Crowley 4
BOTTOM OF THE 8TH
Crowley Cajuns batting - Pitching for Hicksville Hounds : LHP Vic Trewick
Batting: RHB Bill Palmer 0-0: Swinging Strike
0-1: Ball
1-1: Ball
2-1: Fly out, F7 (Flyball, 78S, EV 85.6 MPH)
Batting: LHB Sergio Valentín 0-0: Called Strike
0-1: DOUBLE (Line Drive, 9LM, EV 110.6 MPH)
Pitching: LHP Ricardo Hernández
Pinch Runner at 2nd Albert Estrada:
Batting: RHB Noel Bourke 0-0: Called Strike
0-1: Ball
1-1: Ball
2-1: Fly out, F9 (Flyball, 9S, EV 86.9 MPH)
Batting: RHB Maurice Wrightson 0-0: Foul Ball, location: 2F
0-1: Called Strike
0-2: Ball
1-2: Fly out, F6 (Popup, 6M, EV 64.4 MPH)
Bottom of the 8th over - 0 runs, 1 hit, 0 errors, 1 left on base; Hicksville 0 - Crowley 4
TOP OF THE 9TH
Hicksville Hounds batting - Pitching for Crowley Cajuns : RHP Kane Hallworth
Now at 1B: Kun Chieu
Batting: RHB Will Barr 0-0: Fly out, F9 (Line Drive, 9D, EV 100.0 MPH)
Batting: RHB Arturo Iglésias 0-0: Called Strike
0-1: Called Strike
0-2: Foul Ball, location: 2F
0-2: Strikes out swinging
Batting: RHB Jesús Renderos 0-0: Called Strike
0-1: Ball
1-1: Ball
2-1: Fly out, F7 (Flyball, 7LMF, EV 102.5 MPH)
Top of the 9th over - 0 runs, 0 hits, 0 errors, 0 left on base; Hicksville 0 - Crowley 4
Friday, March 26th, 2021 - OOTP Baseball 20.8 Build 74